[Event "Titled Tuesday Blitz April 25 Early 2023"]
[White "Subelj, Jan"]
[Black "Stanisz, Patryk"]
[WhiteFideId "14618583"]
[BlackFideId "1123106"]
[WhiteElo "2474"]
[BlackElo "2069"]
[Result "1-0"]
[Round "02"]
[TimeControl "180+2"]
[Date "2023.04.25"]
[WhiteClock "0:00:48"]
[BlackClock "0:00:04"]

1. b3 e5 2. Bb2 Nc6 3. g3 d5 4. Bg2 Nf6 5. e3 d4 6. Ne2 Bg4 7. h3 Be6 8. exd4 exd4 9. Nf4 Bd7 10. O-O Be7 11. c3 dxc3 12. dxc3 O-O 13. c4 Bf5 14. Nc3 Qxd1 15. Raxd1 Bd6 16. Nfd5 Nxd5 17. Nxd5 Rac8 18. Ne3 Be6 19. Bxc6 bxc6 20. Kg2 a5 21. Rfe1 a4 22. Bd4 axb3 23. axb3 c5 24. Bc3 Rb8 25. Rb1 Rb7 26. Rb2 Rfb8 27. Ra1 f6 28. Ra3 Kf7 29. f4 h6 30. h4 Bd7 31. Kf3 Bc6+ 32. Ke2 Re8 33. Kd2 Be4 34. Ra6 g5 35. hxg5 fxg5 36. Be5 Bxe5 37. fxe5 Kg7 38. e6 Rb6 39. Ra7 Rc6 40. Nd5 Rexe6 41. Nxc7 Re7 42. Nb5 Rxa7 43. Nxa7 Rd6+ 44. Ke3 Bg6 45. Rd2 Rxd2 46. Kxd2 Kf6 47. Nc6 h5 48. Na5 h4 49. gxh4 gxh4 50. Ke3 Ke6 51. Nb7 Bc2 52. Nxc5+ Kd6 53. b4 Bb1 54. Nb7+ Kc7 55. Na5 Ba2 56. c5 h3 57. Kf3 Bb1 58. Kg3 Bf5 59. b5 Bd3 60. b6+ Kb8 61. Kxh3 Be4 62. Kg3 Bd5 63. Kf4 Kc8 64. Ke5 Bf3 65. Kd6 Bg2 66. c6 Kb8 67. c7+ Kc8 68. b7+ Bxb7 69. Nxb7 Kxb7 70. Kd7 Ka6 71. c8=Q+ Ka7 72. Qc1 Kb6 73. Qc6+ Ka7 74. Qb5 Ka8 75. Kc7 Ka7 76. Qa5# 1-0


[Site "https://www.chess.com"]

[Event "Titled Tuesday Blitz April 25 Early 2023"]
[White "Ciuffoletti, Paolo"]
[Black "Jaracz, Pawel"]
[WhiteFideId "807630"]
[BlackFideId "1102222"]
[WhiteElo "2143"]
[BlackElo "2438"]
[Result "0-1"]
[Round "02"]
[TimeControl "180+2"]
[Date "2023.04.25"]
[WhiteClock "0:00:01"]
[BlackClock "0:00:46"]

1. e4 d6 2. d4 Nf6 3. Nc3 Nc6 4. f4 e5 5. d5 Nd4 6. Nge2 c5 7. dxc6 Nxc6 8. f5 d5 9. exd5 Nb4 10. Ng3 Nfxd5 11. Bc4 Nf4 12. Bxf7+ Ke7 13. Qxd8+ Kxd8 14. O-O Bc5+ 15. Kh1 Nxc2 16. Bxf4 exf4 17. Rad1+ Ke7 18. Nge4 Kxf7 19. Nxc5 Ne3 20. Rxf4 Nxd1 21. Nxd1 Re8 22. Kg1 Re1+ 23. Rf1 Rxf1+ 24. Kxf1 Bxf5 25. Nc3 b6 26. Nb3 Rd8 27. Kf2 Be6 28. Ne4 Bxb3 29. axb3 Ke6 30. Ke3 Ke5 31. Nc3 h6 32. Nb5 Rd7 33. Na3 Kd5 34. Nc4 Kc5 35. Ne5 Re7 36. Ke4 Kb4 37. Kf5 Kxb3 38. Nc6 Re2 39. g4 Rf2+ 40. Kg6 Kxb2 0-1


[Site "https://www.chess.com"]

[Event "Titled Tuesday Blitz April 25 Early 2023"]
[White "Antal, Gergely"]
[Black "Tarnowska, Aleksandra"]
[WhiteFideId "717312"]
[BlackFideId "1180967"]
[WhiteElo "2471"]
[BlackElo "1776"]
[Result "1-0"]
[Round "02"]
[TimeControl "180+2"]
[Date "2023.04.25"]
[WhiteClock "0:02:26"]
[BlackClock "0:01:22"]

1. d4 d5 2. Nc3 Nf6 3. Bg5 e6 4. Bxf6 Qxf6 5. Nf3 c6 6. e4 dxe4 7. Nxe4 Qd8 8. Bd3 Nd7 9. O-O Nf6 10. Qe2 Bd6 11. c4 Bc7 12. Rad1 h6 13. h3 Nh5 14. Ne5 Nf6 15. Qf3 Nxe4 16. Qxf7# 1-0


[Site "https://www.chess.com"]

[Event "Titled Tuesday Blitz April 25 Early 2023"]
[White "Osiecki, Stanislaw"]
[Black "Lewicki, Miroslaw"]
[WhiteFideId "1102990"]
[BlackFideId "1113380"]
[WhiteElo "2088"]
[BlackElo "2212"]
[Result "0-1"]
[Round "02"]
[TimeControl "180+2"]
[Date "2023.04.25"]
[WhiteClock "0:00:29"]
[BlackClock "0:01:51"]

1. e4 c5 2. c3 d5 3. e5 d4 4. Bc4 e6 5. Nf3 Ne7 6. O-O Ng6 7. d3 Be7 8. Qe2 O-O 9. a4 Nc6 10. Re1 b6 11. Qe4 Bb7 12. Qg4 Na5 13. Ba2 Ba6 14. c4 Nc6 15. Bd2 Bb7 16. Na3 a6 17. Nc2 Qc7 18. Qg3 Rae8 19. h4 f6 20. h5 Ngxe5 21. Nxe5 Nxe5 22. Bh6 Bd6 23. f4 Nc6 24. Qg4 Kh8 25. Rxe6 gxh6 26. Rxe8 Rxe8 27. Rf1 Qg7 28. Qxg7+ Kxg7 29. Rf2 Nb4 30. Nxb4 cxb4 31. Bb3 Re3 32. Bc2 Bc8 33. b3 Bf5 34. a5 bxa5 35. Kf1 Bxd3+ 36. Bxd3 Rxd3 37. Ra2 Bc7 38. Rb2 Rc3 39. Kf2 Bxf4 40. Ra2 d3 41. g3 d2 0-1


[Site "https://www.chess.com"]

[Event "Titled Tuesday Blitz April 25 Early 2023"]
[White "Hartikainen, Jarmo"]
[Black "Tari, Aryan"]
[WhiteFideId "503134"]
[BlackFideId "1510045"]
[WhiteElo "2153"]
[BlackElo "2561"]
[Result "0-1"]
[Round "02"]
[TimeControl "180+2"]
[Date "2023.04.25"]
[WhiteClock "0:00:15"]
[BlackClock "0:01:36"]

1. e4 c5 2. c3 a6 3. d4 cxd4 4. cxd4 d5 5. e5 Bf5 6. Bd3 Bxd3 7. Qxd3 e6 8. Ne2 Nc6 9. O-O Nge7 10. f4 h5 11. Nbc3 Nf5 12. Nd1 Qb6 13. Be3 Be7 14. Rc1 O-O 15. g3 Rfc8 16. h3 Qb5 17. Qd2 Bb4 18. Ndc3 Qb6 19. g4 hxg4 20. hxg4 Nh6 21. f5 Nxg4 22. f6 Ncxe5 23. Rf4 Nc4 24. Qd3 Ncxe3 25. Rxg4 Nxg4 26. Qg3 Nxf6 0-1


[Site "https://www.chess.com"]

[Event "Titled Tuesday Blitz April 25 Early 2023"]
[White "Rios Escobar, Adan"]
[Black "Timofeev, Artyom"]
[WhiteFideId "3403645"]
[BlackFideId "4140419"]
[WhiteElo "2486"]
[BlackElo "2586"]
[Result "0-1"]
[Round "02"]
[TimeControl "180+2"]
[Date "2023.04.25"]
[WhiteClock "0:00:02"]
[BlackClock "0:01:12"]

1. d4 d5 2. g3 c5 3. Nf3 cxd4 4. Bg2 Nf6 5. O-O g6 6. b3 Bg7 7. Bb2 O-O 8. Qc1 Bg4 9. Nxd4 e5 10. Nf3 e4 11. Nd4 Nc6 12. e3 Qc8 13. Nxc6 bxc6 14. Nc3 Bh3 15. Qd1 h5 16. Ne2 Bxg2 17. Kxg2 h4 18. Nf4 g5 19. Nh3 Qf5 20. Rb1 Rae8 21. Bxf6 Bxf6 22. g4 Qg6 23. Ng1 Bg7 24. c4 Rd8 25. cxd5 cxd5 26. Rc1 f5 27. Rc5 Qe6 28. Qc2 fxg4 29. Rd1 Rf7 30. Rc6 Qf5 31. Rc5 h3+ 32. Kf1 g3 0-1


[Site "https://www.chess.com"]

[Event "Titled Tuesday Blitz April 25 Early 2023"]
[White "Kamsky, Gata"]
[Black "Toncheva, Nadya"]
[WhiteFideId "2000024"]
[BlackFideId "2924056"]
[WhiteElo "2660"]
[BlackElo "2101"]
[Result "1/2-1/2"]
[Round "02"]
[TimeControl "180+2"]
[Date "2023.04.25"]
[WhiteClock "0:00:13"]
[BlackClock "0:00:08"]

1. d4 d5 2. Bf4 Nf6 3. e3 c5 4. c3 Nc6 5. Nd2 Bf5 6. Qb3 Qd7 7. dxc5 e5 8. Bg3 Bxc5 9. Ngf3 Bd6 10. Bb5 Qe7 11. c4 dxc4 12. Bxc6+ bxc6 13. Qxc4 O-O 14. O-O Rab8 15. b3 Rb4 16. Qe2 Rd8 17. Nc4 Bc7 18. Rfd1 e4 19. Rxd8+ Qxd8 20. Nd4 Bg4 21. Qe1 Rb7 22. Nxc6 Qe8 23. Bxc7 Rxc7 24. Nd4 Nd7 25. h3 Be6 26. Nd6 Qe7 27. N6b5 Rb7 28. Rc1 h6 29. Qa5 Qg5 30. Nxe6 fxe6 31. a4 Ne5 32. Qa6 Rf7 33. Qc8+ Kh7 34. Qxe6 Rf6 35. Qe8 Rxf2 36. Kxf2 Nd3+ 37. Kg1 Qxe3+ 38. Kh2 Qf4+ 39. Kg1 Qe3+ 40. Kh2 Qf4+ 41. Kg1 Qe3+ 1/2-1/2


[Site "https://www.chess.com"]

[Event "Titled Tuesday Blitz April 25 Early 2023"]
[White "Shaik Sumer Arsh"]
[Black "Grigorov, Grigor"]
[WhiteFideId "45020000"]
[BlackFideId "2907313"]
[WhiteElo "2350"]
[BlackElo "2510"]
[Result "1/2-1/2"]
[Round "02"]
[TimeControl "180+2"]
[Date "2023.04.25"]
[WhiteClock "0:00:28"]
[BlackClock "0:00:51"]

1. d4 Nf6 2. c4 e6 3. Nc3 Bb4 4. e3 c5 5. Ne2 d5 6. a3 Ba5 7. dxc5 dxc4 8. Qxd8+ Bxd8 9. Bd2 Nbd7 10. Nd4 Nxc5 11. Bxc4 Bb6 12. O-O O-O 13. Rfd1 Bd7 14. b4 Nce4 15. Nxe4 Nxe4 16. Be1 Ba4 17. Bb3 Bxb3 18. Nxb3 Rfd8 19. Kf1 h5 20. Ke2 Rac8 21. Rxd8+ Rxd8 22. f3 Nd6 23. Rd1 Nc4 24. Rxd8+ Bxd8 25. a4 Be7 26. b5 Kf8 27. Na5 Nxa5 28. Bxa5 Ke8 29. Kd3 Kd7 30. Kc4 f5 31. Bc3 g5 32. Bd4 a6 33. h3 g4 34. fxg4 fxg4 35. hxg4 hxg4 36. Be5 axb5+ 37. Kxb5 Bg5 38. e4 Be3 39. Bg3 Bd4 40. Kc4 Bg1 41. Kb5 Be3 1/2-1/2


[Site "https://www.chess.com"]

[Event "Titled Tuesday Blitz April 25 Early 2023"]
[White "Salinas Herrera, Pablo"]
[Black "Fernandez Siles, Luis"]
[WhiteFideId "3407128"]
[BlackFideId "2209420"]
[WhiteElo "2546"]
[BlackElo "2195"]
[Result "1-0"]
[Round "02"]
[TimeControl "180+2"]
[Date "2023.04.25"]
[WhiteClock "0:02:17"]
[BlackClock "0:00:59"]

1. e4 c5 2. Nf3 Nc6 3. Bb5 g6 4. Bxc6 dxc6 5. d3 Bg7 6. h3 Nf6 7. Nc3 Nd7 8. Be3 e5 9. Qd2 h6 10. O-O f5 11. exf5 gxf5 12. Rfe1 Qf6 13. Bf4 Kf7 14. Nxe5+ Nxe5 15. Bxe5 Qxe5 16. Rxe5 Bxe5 17. Re1 Bd6 18. d4 c4 19. d5 c5 20. Nb5 Be7 21. d6 Bf6 22. d7 1-0


[Site "https://www.chess.com"]

[Event "Titled Tuesday Blitz April 25 Early 2023"]
[White "Shuvalov, Evgenij"]
[Black "Kushko, Dmitriy"]
[WhiteFideId "4187237"]
[BlackFideId "14162261"]
[WhiteElo "2080"]
[BlackElo "2230"]
[Result "0-1"]
[Round "02"]
[TimeControl "180+2"]
[Date "2023.04.25"]
[WhiteClock "0:00:16"]
[BlackClock "0:00:12"]

1. d4 g6 2. c4 Bg7 3. e4 d6 4. Nc3 e5 5. Be3 exd4 6. Bxd4 Nf6 7. Be2 O-O 8. Nf3 Re8 9. Nd2 c5 10. Be3 Nc6 11. O-O Nd4 12. f3 Nh5 13. Nb3 Nxb3 14. axb3 f5 15. Qd2 f4 16. Bf2 Be5 17. Rfd1 Qg5 18. Bf1 Be6 19. Nb5 Re7 20. Rxa7 Rxa7 21. Nxa7 Qf6 22. Nb5 Rd7 23. Nc3 g5 24. Nd5 Qg7 25. b4 g4 26. fxg4 Bxg4 27. Be2 f3 28. Bf1 fxg2 29. Be2 Rf7 30. Ne3 Bxe2 31. Qxe2 Nf4 32. Qg4 h5 33. Qxg7+ Rxg7 34. Bg3 h4 35. Bxf4 Bxf4 36. Nf5 Rg6 37. Rd3 Kh7 38. Nxh4 Re6 39. Nxg2 Be5 40. bxc5 dxc5 41. Rd7+ Kg6 42. Rxb7 Bd4+ 43. Kf1 Rxe4 44. b4 cxb4 45. Rxb4 Bc5 46. Rb5 Rxc4 47. Nf4+ Rxf4+ 48. Kg2 Rf5 49. Rb3 Bd6 50. Rf3 Bf4 51. Rb3 Kg5 52. Rf3 Rd5 53. Rf2 Kg4 54. Re2 Rc5 55. Rf2 Kf5 56. Re2 Rd5 57. Rf2 Rd8 58. Re2 Rg8+ 59. Kf3 Rh8 60. Rf2 Rh3+ 61. Ke2 Re3+ 62. Kf1 Kg4 63. Kg2 Rc3 64. Re2 Kf5 65. Rf2 Rc7 66. Re2 Rg7+ 67. Kf1 Rh7 68. Rf2 Kg4 69. Rg2+ Kf3 70. Rf2+ Ke4 71. Re2+ Be3 72. Kg2 Rg7+ 73. Kh3 Kf3 74. Rxe3+ Kxe3 75. Kh4 Kf4 76. Kh5 Rh7+ 77. Kg6 Rxh2 78. Kg7 Kg5 79. Kf7 Re2 0-1


[Site "https://www.chess.com"]

[Event "Titled Tuesday Blitz April 25 Early 2023"]
[White "Sieciechowicz, Marcin"]
[Black "Mohammed, Dilshad"]
[WhiteFideId "1130170"]
[BlackFideId "5050421"]
[WhiteElo "2302"]
[BlackElo "2112"]
[Result "1-0"]
[Round "02"]
[TimeControl "180+2"]
[Date "2023.04.25"]
[WhiteClock "0:01:59"]
[BlackClock "0:00:17"]

1. d4 d5 2. Bf4 Nf6 3. e3 e6 4. Nf3 Bd6 5. Bg3 O-O 6. Bd3 c5 7. c3 b6 8. Qe2 Bb7 9. Nbd2 Ne4 10. O-O f5 11. Bxd6 Qxd6 12. Ne5 cxd4 13. exd4 Nd7 14. Nxd7 Qxd7 15. Nf3 Qd6 16. Ne5 Rac8 17. f3 Ng5 18. a4 Nf7 19. Rfe1 Nxe5 20. Qxe5 Qxe5 21. Rxe5 Kf7 22. a5 Rc6 23. Bb5 Rd6 24. Kf2 a6 25. Bd3 b5 26. Ke2 Kf6 27. Kd2 g5 28. Kc2 h5 29. Rf1 f4 30. Kb3 Rg8 31. Kb4 Rc6 32. Rh1 Rcc8 33. h4 gxh4 34. Re2 Rg5 35. Rxh4 Rcg8 36. Rxf4+ Ke7 37. g4 hxg4 38. fxg4 Rxg4 39. Rxg4 Rxg4 40. Bf5 Rf4 41. Rxe6+ Kf7 42. Rb6 Rxf5 43. Rxb7+ Ke8 44. Rb6 Rf2 45. b3 1-0


[Site "https://www.chess.com"]

[Event "Titled Tuesday Blitz April 25 Early 2023"]
[White "Vivas Zamora, Fabian Ernesto"]
[Black "Starozhilov, Leonid"]
[WhiteFideId "3902480"]
[BlackFideId "14106752"]
[WhiteElo "2262"]
[BlackElo "2352"]
[Result "0-1"]
[Round "02"]
[TimeControl "180+2"]
[Date "2023.04.25"]
[WhiteClock "0:00:02"]
[BlackClock "0:01:56"]

1. e4 Nc6 2. Nf3 d6 3. d4 Nf6 4. Nc3 g6 5. d5 Nb8 6. Bg5 Bg4 7. Be2 Bxf3 8. Bxf3 Nbd7 9. Qd2 h6 10. Be3 c6 11. O-O Bg7 12. Rad1 h5 13. h3 O-O 14. Bh6 Qa5 15. Bxg7 Kxg7 16. Be2 cxd5 17. exd5 Rac8 18. Qe3 Rfe8 19. Kh2 Qb4 20. Rd3 Ne5 21. Rd4 Qxb2 22. Ne4 Rxc2 23. Nxf6 exf6 24. Bd3 Ng4+ 25. hxg4 Rxe3 26. Bxc2 Qxd4 27. fxe3 Qe5+ 28. Kh1 hxg4 29. e4 g3 0-1


[Site "https://www.chess.com"]

[Event "Titled Tuesday Blitz April 25 Early 2023"]
[White "Bas Mas, Jose Joaquin"]
[Black "Aradhya, Garg"]
[WhiteFideId "22219064"]
[BlackFideId "25006746"]
[WhiteElo "2233"]
[BlackElo "2263"]
[Result "0-1"]
[Round "02"]
[TimeControl "180+2"]
[Date "2023.04.25"]
[WhiteClock "0:01:44"]
[BlackClock "0:01:27"]

1. e4 e5 2. Bc4 Nf6 3. d3 c6 4. Nf3 d5 5. Bb3 a5 6. a3 Bd6 7. Nc3 Be6 8. Bg5 d4 9. Ne2 Bxb3 10. cxb3 h6 11. Bxf6 Qxf6 12. O-O Nd7 13. Nd2 O-O 14. Ng3 g6 15. Nc4 Bc7 16. Qg4 Nc5 17. Nh5 Qe6 18. Qxe6 fxe6 19. Ng3 Nxd3 20. Rad1 Nf4 21. Rd2 b5 0-1


[Site "https://www.chess.com"]

[Event "Titled Tuesday Blitz April 25 Early 2023"]
[White "Rottenwohrer Suarez, Juan"]
[Black "Arifarsky"]
[WhiteFideId "32068182"]
[WhiteElo "2174"]
[BlackElo "2730"]
[Result "1/2-1/2"]
[Round "02"]
[TimeControl "180+2"]
[Date "2023.04.25"]
[WhiteClock "0:00:04"]
[BlackClock "0:00:07"]

1. c4 Nf6 2. d4 e6 3. Nc3 d5 4. cxd5 exd5 5. Bg5 c6 6. Qc2 Be7 7. e3 O-O 8. Bd3 Nbd7 9. Nge2 h6 10. Bh4 Re8 11. O-O Ne4 12. Bxe7 Qxe7 13. Bxe4 dxe4 14. d5 Nf6 15. Rad1 Bg4 16. h3 Bh5 17. dxc6 bxc6 18. Rd4 Qe5 19. Nf4 Bg6 20. Nxg6 fxg6 21. Rfd1 g5 22. g3 Qf5 23. Kh2 Kh8 24. R1d2 Re7 25. Na4 Nd7 26. Qxc6 Rd8 27. Nc5 Ne5 28. Rxd8+ Kh7 29. Qc8 Nf3+ 30. Kg2 Qxc8 31. Rxc8 Nxd2 32. Rc6 Re5 33. b4 Nc4 34. Re6 Rxe6 35. Nxe6 g6 36. Nc5 Nd6 37. f3 exf3+ 38. Kxf3 Kg7 39. Ke2 Kf6 40. Kd3 Ke5 41. a4 h5 42. b5 g4 43. hxg4 hxg4 44. Nd7+ Ke6 45. Nc5+ Kd5 46. Nd7 Ne4 47. a5 Nxg3 48. b6 Kc6 49. bxa7 Kb7 50. Ne5 Kxa7 51. Nxg4 Nf5 52. Ne5 g5 53. Ke4 Ne7 54. Kf3 Ka6 55. Kg4 Kxa5 56. Kxg5 Kb5 57. Kf6 Nd5+ 58. Kf5 Nxe3+ 1/2-1/2


[Site "https://www.chess.com"]

[Event "Titled Tuesday Blitz April 25 Early 2023"]
[White "Cherniaiev, Tykhon"]
[Black "Srebrnic, Marko"]
[WhiteFideId "14182360"]
[BlackFideId "14603616"]
[WhiteElo "2450"]
[BlackElo "2341"]
[Result "1-0"]
[Round "02"]
[TimeControl "180+2"]
[Date "2023.04.25"]
[WhiteClock "0:00:07"]
[BlackClock "0:00:11"]

1. Nf3 Nf6 2. d4 g6 3. c4 d6 4. Nc3 Bf5 5. g3 Ne4 6. Nxe4 Bxe4 7. Bg2 Bg7 8. O-O O-O 9. b3 c5 10. Bb2 Nc6 11. e3 d5 12. Qe2 cxd4 13. exd4 Bxf3 14. Bxf3 Nxd4 15. Bxd4 Bxd4 16. Rad1 e5 17. Bxd5 Qb6 18. Kg2 Rad8 19. f4 Rde8 20. f5 e4 21. fxg6 hxg6 22. Bxe4 Kg7 23. Qd3 Bf6 24. Qf3 Re5 25. Rd5 Rfe8 26. c5 Qe6 27. Rd6 Rxe4 28. Rxe6 R8xe6 29. Rf2 a5 30. Rd2 R4e5 31. Qxb7 Re2+ 32. Rxe2 Rxe2+ 33. Kf3 Rxa2 34. c6 Rc2 35. c7 Rc3+ 36. Kg2 Rc2+ 37. Kh3 Be5 38. c8=Q Rxc8 39. Qxc8 Kh6 40. Qc5 f6 41. Qxa5 Bd4 42. Qd2+ 1-0


[Site "https://www.chess.com"]

[Event "Titled Tuesday Blitz April 25 Early 2023"]
[White "Gatterer, Florian"]
[Black "Aaditya Dhingra"]
[WhiteFideId "811688"]
[BlackFideId "25678191"]
[WhiteElo "2221"]
[BlackElo "2083"]
[Result "0-1"]
[Round "02"]
[TimeControl "180+2"]
[Date "2023.04.25"]
[WhiteClock "0:00:16"]
[BlackClock "0:00:16"]

1. c4 c6 2. Nf3 d5 3. g3 Nf6 4. Bg2 dxc4 5. a4 Nbd7 6. Qc2 Nc5 7. O-O Be6 8. a5 Nb3 9. Ra4 g6 10. d3 cxd3 11. exd3 Nxc1 12. Rxc1 Rc8 13. a6 b5 14. Ra1 Bg7 15. Nc3 O-O 16. Ne4 Nxe4 17. dxe4 h6 18. h4 c5 19. h5 Qb6 20. Rd1 Bg4 21. hxg6 fxg6 22. Rd3 c4 23. Re3 h5 24. Nh2 Be6 25. Rf3 Bd4 26. Rxf8+ Rxf8 27. Bf3 Bg4 28. Qe2 Kg7 29. Kg2 Be6 30. Rd1 Be5 31. Ra1 b4 32. Nf1 Bd4 33. Ne3 Bxe3 34. Qxe3 Qxe3 35. fxe3 c3 36. bxc3 bxc3 37. Rc1 Rc8 38. Bd1 Kf6 39. Bc2 Ke5 40. Kf2 Rd8 41. Rd1 Rxd1 42. Bxd1 Bc4 43. Bc2 Bxa6 44. Kf3 Bb7 45. Kf2 Bxe4 0-1


[Site "https://www.chess.com"]

[Event "Titled Tuesday Blitz April 25 Early 2023"]
[White "Matveeva, Olga"]
[Black "Bryant, John Daniel"]
[WhiteFideId "24107018"]
[BlackFideId "2031280"]
[WhiteElo "2056"]
[BlackElo "2455"]
[Result "1/2-1/2"]
[Round "02"]
[TimeControl "180+2"]
[Date "2023.04.25"]
[WhiteClock "0:00:16"]
[BlackClock "0:00:07"]

1. d4 Nf6 2. c4 g6 3. g3 Bg7 4. Bg2 O-O 5. Nc3 d6 6. Nf3 Nc6 7. O-O a6 8. Qd3 e5 9. dxe5 dxe5 10. Qxd8 Rxd8 11. Bg5 Bg4 12. Bxf6 Bxf6 13. Nd5 Kg7 14. Nxc7 Rac8 15. Nd5 e4 16. Nxf6 Kxf6 17. Nh4 Bxe2 18. Rfe1 Rd2 19. Bxe4 Nd4 20. b3 b5 21. Rac1 bxc4 22. bxc4 Rxc4 23. Rxc4 Bxc4 24. a3 Ra2 25. Rd1 Ne2+ 26. Kg2 Nc3 27. Rc1 Rxa3 28. Bc6 a5 29. Nf3 h6 30. g4 Ke7 31. h4 Kd6 32. Be8 Bd5 33. Re1 Ne2 34. Rd1 Rxf3 35. Rxd5+ Kxd5 36. Kxf3 Nd4+ 37. Ke3 Nc2+ 38. Kd2 Nd4 39. Bxf7+ Ke5 40. Bxg6 Kf4 41. g5 hxg5 42. hxg5 Kxg5 43. Be8 Kf4 44. Kc3 Nf3 45. Kc4 Ne5+ 46. Kb5 Ng4 47. Kxa5 Nxf2 1/2-1/2


[Site "https://www.chess.com"]

[Event "Titled Tuesday Blitz April 25 Early 2023"]
[White "Tarasova, Viktoriya"]
[Black "Borgaonkar Akshay"]
[WhiteFideId "4175840"]
[BlackFideId "25639110"]
[WhiteElo "2182"]
[BlackElo "2063"]
[Result "0-1"]
[Round "02"]
[TimeControl "180+2"]
[Date "2023.04.25"]
[WhiteClock "0:00:01"]
[BlackClock "0:00:04"]

1. d4 g6 2. e4 Bg7 3. Nc3 d6 4. f4 a6 5. Nf3 b5 6. a3 Bb7 7. Bd3 Nd7 8. O-O c5 9. Be3 c4 10. Be2 Ngf6 11. e5 Nd5 12. Nxd5 Bxd5 13. Ng5 h6 14. Bf3 Nb6 15. Ne4 Bxe4 16. Bxe4 d5 17. Bf3 e6 18. g4 Qd7 19. Qd2 Rc8 20. c3 a5 21. Kh1 a4 22. Qg2 Kd8 23. f5 g5 24. Be2 Kc7 25. Rf2 Rhf8 26. Raf1 Kb7 27. f6 Bh8 28. Qh3 Rg8 29. Qxh6 Rg6 30. Qh5 Rcg8 31. Bd1 Rf8 32. Bc2 Rgg8 33. Bxg5 Rc8 34. Be3 Qc6 35. g5 Rc7 36. Qf3 Nd7 37. h4 Nf8 38. h5 Ka6 39. Rg2 Nd7 40. Kg1 Rf8 41. Kf2 Re8 42. Rfg1 Rcc8 43. g6 fxg6 44. hxg6 Nxf6 45. exf6 Bxf6 46. g7 Bh4+ 47. Ke2 Rg8 48. Bh7 Qe8 49. Bxg8 Qxg8 50. Qg4 Qh7 51. Kd2 Qd3+ 52. Kc1 Qxe3+ 53. Kb1 Qd3+ 54. Ka2 b4 55. Qd1 bxa3 56. Qxa4+ Kb6 57. Qb4+ Kc6 58. Qa4+ Kb6 59. Qb4+ Kc7 0-1


[Site "https://www.chess.com"]

[Event "Titled Tuesday Blitz April 25 Early 2023"]
[White "Kalajzic, Ivan"]
[Black "Souleidis, Georgios"]
[WhiteFideId "14506378"]
[BlackFideId "4206827"]
[WhiteElo "2203"]
[BlackElo "2401"]
[Result "0-1"]
[Round "02"]
[TimeControl "180+2"]
[Date "2023.04.25"]
[WhiteClock "0:00:18"]
[BlackClock "0:00:49"]

1. b3 d5 2. Bb2 Bf5 3. e3 Nf6 4. Nf3 e6 5. d4 Bd6 6. Bd3 O-O 7. Nbd2 Nbd7 8. O-O c6 9. Ne5 Bxe5 10. dxe5 Ng4 11. Nf3 Qc7 12. Ba3 c5 13. Bxf5 exf5 14. Qxd5 Ngxe5 15. Nxe5 Nxe5 16. Qxc5 Qxc5 17. Bxc5 Rfc8 18. Bd4 Nc6 19. c4 f4 20. Rad1 Rd8 21. Bc3 fxe3 22. fxe3 f6 23. Kf2 Kf7 24. Ke2 Ke6 25. Rxd8 Rxd8 26. Rd1 Re8 27. e4 a6 28. g4 h5 29. h3 hxg4 30. hxg4 Rh8 31. Rf1 Rh4 32. Rf4 Ne5 33. Bxe5 Kxe5 34. Rf5+ Kxe4 35. Rd5 Rxg4 36. Rd7 g5 37. Rxb7 Rg2+ 38. Kf1 Rxa2 39. c5 Rc2 40. b4 Kf3 41. Ke1 f5 42. Kd1 Rc4 43. Kd2 g4 44. Kd3 Rc1 45. Kd2 Rc4 46. Kd3 Re4 47. c6 Re8 48. c7 Rc8 49. Kd4 g3 50. Kd5 g2 51. Kd6 g1=Q 52. Rb8 Qg3+ 53. Kd7 Qxc7+ 0-1


[Site "https://www.chess.com"]

[Event "Titled Tuesday Blitz April 25 Early 2023"]
[White "Kim, Sergey"]
[Black "Karthik Sai Ch"]
[WhiteFideId "13700570"]
[BlackFideId "46649484"]
[WhiteElo "2624"]
[BlackElo "2003"]
[Result "1-0"]
[Round "02"]
[TimeControl "180+2"]
[Date "2023.04.25"]
[WhiteClock "0:00:06"]
[BlackClock "0:00:03"]

1. d4 d5 2. c4 c6 3. Nf3 Nf6 4. Qc2 dxc4 5. Qxc4 Bf5 6. e3 e6 7. Bd3 Bg6 8. O-O Nbd7 9. Nbd2 Nb6 10. Qc2 Nbd5 11. a3 Be7 12. b4 O-O 13. Bb2 a5 14. Bxg6 hxg6 15. bxa5 Qxa5 16. Nc4 Qa4 17. Qe2 Ne4 18. Rfc1 Qa6 19. Qc2 f5 20. Nfe5 Kh7 21. f3 Nd6 22. Qf2 Nxc4 23. Nxc4 Qb5 24. Rab1 Qa6 25. Ra1 Qb5 26. Ne5 Bf6 27. Nd7 Rfd8 28. Nc5 b6 29. Nxe6 Re8 30. Nf4 Rxe3 31. Nxd5 Re2 32. Nxf6+ gxf6 33. Qh4+ Kg7 34. Bc3 Qd3 35. d5 Qe3+ 36. Kh1 Rf8 37. dxc6 g5 38. Qd4 f4 39. c7 Qe6 40. Bb4 Rh8 41. Re1 Rxg2 42. Kxg2 Qh3+ 43. Kg1 Qxh2+ 44. Kf1 Qh1+ 45. Ke2 Qg2+ 46. Kd1 Qxf3+ 47. Kc1 Qc6+ 48. Qc3 Qxc3+ 49. Bxc3 Rc8 50. Re7+ Kg6 51. Kb2 f3 52. Rd1 g4 53. Rd8 f2 54. Rd1 g3 55. Re6 Rxc7 56. Rxf6+ Kg5 57. Rf8 Kg4 58. Rd4+ Kh3 59. Rd3 Kh2 60. Rdf3 Rc5 61. Rxf2+ gxf2 62. Rxf2+ Kg3 63. Rf6 Kg4 64. Rxb6 Kf4 65. Bb4 Rc8 66. Kb3 Ke4 67. Ka4 Kd5 68. Rb5+ Kc4 69. Ra5 Rb8 70. Ra7 Kd5 71. Rc7 Ra8+ 72. Kb3 Rb8 73. Rc5+ Kd6 74. Rb5+ Kc7 75. Ra5 Kc6 76. Ka4 Rb7 77. Ra6+ Kc7 78. Ka5 Kb8 79. Bc5 Rb1 80. Bb4 Rh1 81. Re6 Rh7 82. Kb6 Rb7+ 83. Kc6 Rc7+ 84. Kd6 Rc1 85. Bc5 Kb7 86. Re7+ Ka6 87. Kc6 Ka5 88. Ra7# 1-0


[Site "https://www.chess.com"]

[Event "Titled Tuesday Blitz April 25 Early 2023"]
[White "Janaszak, Dawid"]
[Black "Stalri"]
[WhiteFideId "1119206"]
[WhiteElo "2220"]
[BlackElo "2334"]
[Result "1/2-1/2"]
[Round "02"]
[TimeControl "180+2"]
[Date "2023.04.25"]
[WhiteClock "0:00:21"]
[BlackClock "0:01:35"]

1. e4 c5 2. Nc3 e6 3. Nge2 Nc6 4. g3 d5 5. exd5 exd5 6. d4 Nf6 7. Bg2 Be7 8. O-O O-O 9. dxc5 Bxc5 10. Bg5 d4 11. Nd5 Be7 12. Nxe7+ Qxe7 13. Nxd4 Nxd4 14. Qxd4 Be6 15. Bxf6 Qxf6 16. Qxf6 gxf6 17. Rae1 Rfd8 18. Rd1 Rac8 19. Be4 b5 20. a3 a5 21. Kg2 Kg7 22. Kf3 h5 23. Rxd8 Rxd8 24. Ke3 f5 25. Bd3 b4 26. axb4 axb4 27. Ra1 Bd5 28. Bxf5 Re8+ 29. Kd4 Bf3 30. Bd3 h4 31. Kc4 Rb8 32. gxh4 b3 33. cxb3 Rh8 34. b4 Rxh4+ 35. Kc3 Rxh2 36. Kd4 Rxf2 37. Rf1 Rxf1 38. Bxf1 Kf6 39. b5 Ke6 40. Bc4+ Ke7 41. b6 f5 42. Ba6 Kd6 43. Bc8 Be4 44. b7 Kc7 45. b4 Kb8 46. Ke5 Bd3 47. Kd6 Be4 48. Ke5 Bd3 49. Bxf5 Bxf5 50. Kxf5 Kxb7 51. Ke4 Kb6 52. Kd4 Kb5 53. Kc3 Kb6 54. Kb3 Kb5 55. Kc3 Kb6 56. Kc4 Kc6 57. b5+ Kb6 58. Kb4 Kb7 59. Ka5 Ka7 60. b6+ Kb7 61. Kb5 Kb8 62. Kc5 Kb7 63. Kb5 Kb8 64. Kc6 Kc8 65. Kc5 Kb7 66. Kb5 1/2-1/2


[Site "https://www.chess.com"]

[Event "Titled Tuesday Blitz April 25 Early 2023"]
[White "Kohler, Aran"]
[Black "Ferenc83"]
[WhiteFideId "1002856"]
[WhiteElo "2306"]
[BlackElo "2567"]
[Result "0-1"]
[Round "02"]
[TimeControl "180+2"]
[Date "2023.04.25"]
[WhiteClock "0:01:27"]
[BlackClock "0:01:17"]

1. Nh3 Nf6 2. f3 e5 3. Nf2 d5 4. e3 c5 5. g3 Nc6 6. d3 h5 7. Bg2 h4 8. g4 Bd6 9. Qe2 Qc7 10. Nd2 Be6 11. h3 O-O-O 12. c3 Kb8 13. b3 d4 14. cxd4 cxd4 15. e4 Nb4 16. O-O Nc2 17. Rb1 Ne3 18. Re1 Rc8 19. Nc4 Nxg2 20. Kxg2 Bb4 21. Bd2 Bxd2 22. Nxd2 Qc2 23. Nc4 Qxe2 24. Rxe2 Nd7 25. a4 b6 26. f4 exf4 27. Kf3 g5 28. e5 Bxc4 29. bxc4 Rhe8 30. Rbe1 Rc5 31. e6 fxe6 32. Rxe6 Ne5+ 33. R1xe5 Rxe5 34. Rxe8+ Rxe8 35. Ne4 Re5 36. Nd6 Re3+ 37. Kg2 Rg3+ 38. Kf2 Rxh3 39. Ne4 Rxd3 40. Nxg5 Rg3 41. Ne6 h3 42. Nxf4 h2 0-1


[Site "https://www.chess.com"]